 Dungeon Crawl Stone Soup version 0.27-a0-1501-g9d6fb14e67 (webtiles) character file.

Game seed: 18113819700454897242

125 Lekart the Slasher (level 4, 0/40 HPs)
             Began as a Draconian Chaos Knight on July 8, 2021.
             Was a Plaything of Xom.
             Slain by a gnoll (6 damage)
             ... on level 4 of the Dungeon.
             The game lasted 00:03:35 (3143 turns).

Lekart the Slasher (Draconian Chaos Knight)         Turns: 3143, Time: 00:03:36

Health: 0/40       AC:  5    Str: 10    XL:     4   Next: 82%
Magic:  6/6        EV:  6    Int: 12    God:    Xom [...*..]
Gold:   147        SH:  0    Dex: 10    Spells: 6/6 levels left

rFire    . . .     SeeInvis .   a - +0 falchion (chaos)
rCold    . . .     Faith    .   (no shield)
rNeg     . . .     Spirit   .   (armour unavailable)
rPois    .         Reflect  .   (helmet restricted)
rElec    .         Harm     .   (no cloak)
rCorr    .         Rampage  .   (no gloves)
Will     .....                  (no boots)
Stlth    +.........             (no amulet)
HPRegen  0.13/turn              (no ring)
MPRegen  0.10/turn              (no ring)

@: held
A: AC +5, unfitting armour, cold-blooded, clumsy 1, weak 2, subdued magic 1
a: Renounce Religion


You were on level 4 of the Dungeon.
You worshipped Xom.
You were a favourite toy of Xom.
You visited 1 branch of the dungeon, and saw 4 of its levels.

You collected 147 gold pieces.

Inventory:

Hand Weapons
 a - a +0 falchion of chaos (weapon)
Missiles
 i - 4 boomerangs of dispersal (quivered)
Jewellery
 k - a ring of fire
Wands
 d - a wand of flame (19)
Scrolls
 c - a scroll of enchant armour
 f - a scroll of identify
 h - a scroll of magic mapping {unknown}
 j - a scroll of teleportation {unknown}
Potions
 b - a potion of attraction {unknown}
 e - a potion of heal wounds
 g - 2 potions of curing
 l - a potion of lignification {unknown}


   Skills:
 + Level 4.0 Fighting
 + Level 4.1 Long Blades
 + Level 2.9 Dodging
 * Level 1.5 Spellcasting


You had 6 spell levels left.
You didn't know any spells.
Your spell library was empty.

Dungeon Overview and Level Annotations

Branches:
Dungeon (4/15)
 Temple: D:4-7

Altars:
Gozag
Nemelex Xobeh


Innate Abilities, Weirdness & Mutations

Your plain brown scales are hard. (AC +5)
You cannot fit into any form of body armour.
You are cold-blooded and may be slowed by cold attacks.
You are clumsy. (Dex -2)
You are very weak. (Str -4)
Your spells are a little easier to cast, but a little less powerful.


Message History

A gnoll comes into view. It is wielding a +0 spear.
There are monsters nearby!
You barely miss the gnoll.
You tail-slap the gnoll, but do no damage. "This might be better!"
The gnoll suddenly seems more resistant.
The gnoll barely misses you.
The gnoll hits you from afar with a +0 halberd!
There are monsters nearby!
You barely miss the gnoll. The gnoll hits you with a +0 spear.
The gnoll closely misses you.
There are monsters nearby!
You hit the gnoll but do no damage.
The gnoll is poisoned.
The gnoll misses you. x2
You hit the gnoll. You burn the gnoll.
The gnoll is severely wounded.
The gnoll misses you. The gnoll hits you but does no damage.
The gnoll throws a throwing net.
The throwing net hits you.
You become entangled in the net!
A jelly comes into view.
You struggle against the net.
The gnoll closely misses you. The gnoll hits you with a +0 spear.
The gnoll hits you but does no damage.
You tear a large gash into the net.
The gnoll barely misses you. x2
The gnoll hits you from afar with a +0 halberd!
You struggle against the net.
You kill the gnoll!
The gnoll hits you from afar with a +0 spear.
The gnoll closely misses you.
You shred the net and break free!
The gnoll hits you from afar with a +0 spear.
* * * LOW HITPOINT WARNING * * *
The gnoll throws a throwing net.
The throwing net hits you.
You become entangled in the net!
You tear a large gash into the net.
You are now a favourite toy of Xom.
The gnoll hits you from afar with a +0 spear.
* * * LOW HITPOINT WARNING * * *
The gnoll hits you from afar with a +0 halberd.
You die...
Xom chortles!

#
##...........#.#.####....
#
+............'.#.........
#
##...........#.#.########
#...#########.#.#.......
. #...# #.#.###.###. .
######...##### #.#.# #.#
#. . .............#
#.#.###.###. .
.###########.#
#.#.#.....#. . #@#
..#.#.#####. .....g.)...#
#......... .....g..#..#
###.###### .....J.......
#.# .......## ###.# #.#
....>.. . #.# ....... #.#
....... #.### #...#


You could see a jelly and 2 gnolls.

Vanquished Creatures
  A hound (D:4)
  A gnoll (D:4)
  An adder (D:4)
  2 worms
  5 orcs (D:3)
  6 bats
  5 endoplasms
  A giant cockroach (D:4)
  5 goblins
  6 hobgoblins
  7 jackals
  2 quokkas
  4 ball pythons
  A frilled lizard (D:3)
  7 kobolds
  6 rats
60 creatures vanquished.

Notes
Turn   | Place    | Note
-------+----------+-------------------------------------------
     0 | D:1      | Lekart the Draconian Chaos Knight began the quest for the
                  | Orb.
     0 | D:1      | Reached XP level 1. HP: 19/19 MP: 1/1
    91 | D:1      | XOM: potion effect (berserk rage)
   178 | D:1      | Reached XP level 2. HP: 25/26 MP: 2/2
   230 | D:1      | You fall into a shaft and drop 1 floor!
   244 | D:1      | XOM: divination: detect creatures
   248 | D:1      | HP: 1/26 [kobold (2)]
   439 | D:1      | XOM: divination: detect creatures
   467 | D:1      | XOM: noise
   698 | D:1      | Found a faded altar of an unknown god.
   799 | D:1      | XOM: silly message
   964 | D:1      | XOM: divination: detect items
  1009 | D:1      | XOM: divination: detect creatures
  1030 | D:1      | XOM: silly message
  1271 | D:2      | Found a sparkling altar of Nemelex Xobeh.
  1338 | D:2      | Reached XP level 3. HP: 32/33 MP: 4/4
  1389 | D:2      | You fall into a shaft and drop 1 floor!
  1465 | D:3      | Reached skill level 1 in Spellcasting
  1669 | D:3      | Found an opulent altar of Gozag.
  2206 | D:3      | XOM: silly message
  2232 | D:3      | Gained mutation: You are occasionally teleported next to
                  | monsters. [potion of mutation]
  2232 | D:3      | Gained mutation: You are weak. (Str -2) [potion of
                  | mutation]
  2232 | D:3      | Gained mutation: You are frail. (-10% HP) [potion of
                  | mutation]
  2296 | D:4      | Reached XP level 4. HP: 34/36 MP: 5/5
  2426 | D:4      | XOM: silly message
  2790 | D:4      | Lost mutation: You are occasionally teleported next to
                  | monsters. [potion of mutation]
  2790 | D:4      | Lost mutation: You are frail. (-10% HP) [potion of
                  | mutation]
  2790 | D:4      | Gained mutation: Your spells are a little easier to cast,
                  | but a little less powerful. [potion of mutation]
  2790 | D:4      | Gained mutation: You are very weak. (Str -4) [potion of
                  | mutation]
  2790 | D:4      | Gained mutation: Your flesh is cold resistant. (rC+)
                  | [potion of mutation]
  2947 | D:4      | XOM: give mutations
  2947 | D:4      | Lost mutation: Your flesh is cold resistant. (rC+) [Xom's
                  | mischief]
  2947 | D:4      | Gained mutation: You are clumsy. (Dex -2) [Xom's mischief]
  3135 | D:4      | XOM: enchant monster (bad)
  3143 | D:4      | Slain by a gnoll

Illustrated notes

Levels and vault maps discovered:
D:1:      giann_bridges, layout_loops_ring, ebering_ecumenical_altar_webs
D:2:      minmay_razor_zed, layout_rooms, basic_altar, minmay_liquid_box
D:3:      layout_loops_cross, mainiacjoe_overflow_boulevard,
          roderic_nine_men_s_morris, minmay_surrounded
D:4:      minmay_spotlight, layout_basic, minmay_between

Skill      XL: |  1  2  3  4 |
---------------+-------------+-----
Spellcasting   | 1 |  1.5
Fighting       | 4 |  4.0
Long Blades    | 4 |  4.1
Dodging        | |  2.9

Action                   |  1- 3 |  4- 6 || total
-------------------------+-------+-------++-------
Melee: Falchion          |   122 |    46 ||   168
       Tailslap          |    15 |     7 ||    22
  Use: Scroll            |     9 |       ||     9
       Potion            |     1 |     1 ||     2
 Stab: Sleeping          |     2 |     1 ||     3
Armor: Skin              |    55 |    15 ||    70
Dodge: Dodged            |   115 |    40 ||   155
       Rpst.: Falchion   |    43 |     5 ||    48

Table legend: (Time is in decaauts)
 A = Elapsed time spent in this place.
 B = Non-inter-level travel time spent in this place.
 C = Inter-level travel time spent in this place.
 D = Time resting spent in this place.
 E = Time spent auto-exploring this place.
 F = Levels seen in this place.
 G = Mean time per level.
                   A        B        C        D        E       F      G
               +--------+--------+--------+--------+--------+-----+--------+
         Total |   3169 |   3086 |     83 |    732 |   1947 |   4 |  792.2 |
       Dungeon |   3169 |   3086 |     83 |    732 |   1947 |   4 |  792.2 |
               +--------+--------+--------+--------+--------+-----+--------+

Top non-repeatable levels by time:
     D:1: 1053 daAuts
     D:3: 897 daAuts
     D:4: 868 daAuts
     D:2: 350 daAuts
